 Dungeon Crawl Stone Soup version 0.18-a0-1577-gf591c28 (webtiles) character file.

30989 Kidiri the Thaumaturge (level 13, -2/81 HPs)
             Began as a Deep Elf Fire Elementalist on Mar 21, 2016.
             Was a High Priest of Vehumet.
             Hit by a tomahawk thrown by an orc warrior (4 damage)
             ... on level 2 of the Orcish Mines.
             The game lasted 01:14:31 (24328 turns).

Kidiri the Thaumaturge (DEFE)                      Turns: 24328, Time: 01:14:31

Health: -2/81      AC:  7    Str:  5    XL:     13   Next: 23%
Magic:  14/31      EV: 19    Int: 31    God:    Vehumet [*****.]
Gold:   1532       SH:  5    Dex: 15    Spells: 12 memorised, 1 level left

rFire  . . .     SeeInvis .     S - +4 dagger (venom)
rCold  + . .     Gourm    .     M - +0 robe of the Thistle {Int+5}
rNeg   . . .     Faith    .     L - +0 buckler
rPois  +         Spirit   .     C - +1 hat {rC+}
rElec  .         Dismiss  .     v - +1 cloak
rCorr  .         Reflect  .     R - +0 pair of gloves
SustAt .         Harm     .     J - +0 pair of boots
MR     +....                    h - amulet of magic regeneration
Stlth  +++.......               o - ring of wizardry
                                l - ring of poison resistance

@: very slightly contaminated, somewhat resistant to hostile enchantments,
fairly stealthy
A: horns 1, deformed body, mutation resistance 1, robust 1, slow regeneration 1
a: Renounce Religion


You were on level 2 of the Orcish Mines.
You worshipped Vehumet.
Vehumet was extremely pleased with you.
You were not hungry.

You visited 4 branches of the dungeon, and saw 17 of its levels.
You also visited: Ossuary and Ice Cave.

You collected 1614 gold pieces.
You spent 82 gold pieces at shops.

Inventory:

Hand Weapons
 n - a +2 dagger of holy wrath
 S - a +4 dagger of venom (weapon)
Missiles
 s - 5 throwing nets (quivered)
Armour
 v - a +1 cloak (worn)
 C - a +1 hat of cold resistance (worn)
 D - a +0 shield
 J - a +0 pair of boots (worn)
 L - a +0 buckler (worn)
 M - the +0 robe of the Thistle (worn) {Int+5}
   (You found it on level 8 of the Dungeon)

   It affects your intelligence (+5).
 R - a +0 pair of gloves (worn)
Jewellery
 h - an amulet of magic regeneration (around neck)
 l - a ring of poison resistance (left hand)
 m - an uncursed ring of resist corrosion
 o - a ring of wizardry (right hand)
 r - an uncursed ring of protection from magic
 u - an uncursed ring of see invisible
Wands
 d - a wand of flame (17/48)
 e - a wand of lightning (4/15)
 p - a wand of iceblast (4/15)
 y - a wand of confusion (25/48)
Scrolls
 f - a scroll of identify
 g - 2 scrolls of recharging
 j - 4 scrolls of immolation
 H - 3 scrolls of remove curse
 I - 2 scrolls of amnesia
 K - 4 scrolls of teleportation
Potions
 b - a potion of berserk rage
 i - 8 potions of curing
 k - 4 potions of lignification
 w - a potion of ambrosia
 z - 3 potions of haste
 A - 2 potions of cancellation
 B - a potion of brilliance
 E - a potion of magic
 O - a potion of invisibility
Books
 G - a book of Party Tricks

   Spells                             Type                      Level
   a - Summon Butterflies             Summoning                    1
   b - Apportation                    Translocation                1
   c - Tukima's Dance                 Hexes                        3
   d - Alistair's Intoxication        Transmutation/Poison         5
   e - Invisibility                   Hexes                        6
 Q - a Young Poisoner's Handbook

   Spells                             Type                      Level
   a - Sting                          Conjuration/Poison           1
   b - Cure Poison                    Poison                       2
   c - Mephitic Cloud                 Conjuration/Poison/Air       3
   d - Olgreb's Toxic Radiance        Poison                       4
   e - Venom Bolt                     Conjuration/Poison           5
Comestibles
 a - 7 chunks of flesh
 c - 13 bread rations
 x - a meat ration
 F - 6 fruits


   Skills:
 + Level 5.8 Fighting
 * Level 5.4 Armour
 * Level 10.4 Dodging
 - Level 5.5 Stealth
 + Level 4.0 Shields
 * Level 12.5 Spellcasting
 + Level 7.9 Conjurations
 + Level 8.2 Hexes
 + Level 4.1 Transmutations
 + Level 8.1 Fire Magic
 + Level 4.8 Air Magic
 + Level 6.4 Earth Magic
 + Level 4.4 Poison Magic


You had one spell level left.
You knew the following spells:

 Your Spells              Type           Power        Failure   Level  Hunger
a - Flame Tongue          Conj/Fire      #####        1%          1    None
b - Throw Flame           Conj/Fire      ######       1%          2    None
c - Conjure Flame         Conj/Fire      ######..     1%          3    None
d - Inner Flame           Hex/Fire       ######..     1%          3    None
e - Sticky Flame          Conj/Fire      ######..     1%          4    None
f - Fireball              Conj/Fire      ######....   1%          5    #......
g - Stone Arrow           Conj/Erth      ######       1%          3    None
h - Shock                 Conj/Air       ####         1%          1    None
i - Cure Poison           Pois           #####.....   1%          2    None
j - Mephitic Cloud        Conj/Pois/Air  ######..     1%          3    None
k - Ignite Poison         Fire/Trmt/Pois ######..     1%          3    None
l - Poison Arrow          Conj/Pois      ######....   4%          6    ####...


Dungeon Overview and Level Annotations

Branches:
Dungeon (10/15)            Temple (1/1) D:4            Lair (4/8) D:10
    Orc (2/2) D:9             Elf (0/3) Orc:2
  Swamp: Lair:3-6    Shoals: Lair:3-6     Snake: Lair:3-6    Spider: Lair:3-6

Altars:
Ashenzari
Cheibriados
Dithmenos
Elyvilon
Fedhas
Gozag
Kikubaaqudgha
Makhleb
Nemelex Xobeh
Okawaru
Pakellas
Qazlal
Ru
Sif Muna
Trog
Vehumet
Xom
Yredelemnul
Zin
The Shining One
Beogh

Shops:
D:10 ?

Annotations:
Lair:4 Duffy's ghost, journeyman DDGl
Orc:2 exclusion: door


Innate Abilities, Weirdness & Mutations

You have a pair of small horns on your head.
Armour fits poorly on your strangely shaped body.
You are somewhat resistant to further mutation.
You are robust (+10% HP).
You regenerate slowly when monsters are visible.


Message History

Confirm with . or Enter, or press ? or * to list all spells.
Aiming: Sticky Flame
Press: ? - help, Shift-Dir - straight line, f - orc warrior
Aim: an orc warrior, wielding a trident and wearing a plate armour You miscast Sticky Flame.
You are very lightly contaminated with residual magic.
Heat runs through your body.
The orc warrior hits you with a trident!
* * * LOW HITPOINT WARNING * * *
Some of the chunks of flesh in your inventory have rotted away.
Unknown command.
Drink which item? (? for menu, Esc to quit)
Okay, then.
Unknown command.
Read which item? (? for menu, Esc to quit)
Okay, then.
The orc warrior hits you from afar with a trident.
* * * LOW HITPOINT WARNING * * *
The orc warrior throws a tomahawk.
The tomahawk hits you.
You die...

....####...##.)## #....# .#
#...# ###.|)#..# #..#...)# #.#
##.## #.....##.# #..'..))# #..
### ##.....)(.## ####(#####(#
#.#..#.....# #.)).(((...#
########..(######.####((...#
##### ##....'o())#..#.(⌠..#
##...## #....####.)..#....)#
#.#...## ###..@.####)#..#....(o
#
####...###..)..##..#)####.#####
### ##..........##..'......# #
..### ###)..)..####..#))..#.# #
#...####.......#######)...#. #
##...#.)....#####....).)..#. .
##..)))....# ##'###'###'# .# #
#........### #...#.(.# ..##'##.
##....#### #...#...# ..#8.8#


You could see an orc warrior.

Vanquished Creatures
  An ettin (Orc:2)
  A hydra (Lair:3)
  Urug (D:10)
  An orc high priest (Orc:2)
  An unseen horror (D:10)
  A hill giant (D:7)
  A necromancer (IceCv)
  5 orc knights
  4 orc sorcerers (Orc:2)
  A cyclops (Orc:2)
  An ice statue (IceCv)
  A centaur skeleton (D:10)
  6 spiny frogs
  10 freezing wraiths (IceCv)
  The ghost of Galewind the Conjurer, a novice DECj of Vehumet (D:5)
  Prince Ribbit (Lair:1)
  A troll (Orc:1)
  3 two-headed ogres (Orc:2)
  7 blink frogs
  A spriggan (D:7)
  2 wyverns
  Sigmund (D:2)
  4 hippogriffs
  A fire elemental (Orc:2)
  7 yaks
  6 humans (D:6)
  A hungry ghost (D:10)
  A death yak simulacrum (IceCv)
  Edmund (D:4)
  A warg (Orc:2)
  5 water moccasins
  2 porcupines (Lair:1)
  26 orc warriors
  15 ice beasts
  4 sky beasts
  A black bear (D:8)
  3 phantoms
  15 ogres
  4 centaurs
  7 crocodiles
  2 big kobolds (D:10)
  7 giant frogs
  4 scorpions
  A swamp dragon simulacrum (IceCv)
  An elephant simulacrum (IceCv)
  6 killer bees (D:8)
  2 electric eels (Lair:1)
  A crimson imp (D:4)
  2 quasits (D:10)
  2 centaur zombies
  4 draconian simulacra (IceCv)
  4 jellies
  14 orc priests
  8 hounds
  A gnoll shaman (D:5)
  15 orc wizards
  3 iguanas (Lair:3)
  Jessica (D:2)
  Terence (D:2)
  3 giant frog skeletons
  Natasha (thrice) (D:2)
  4 troll simulacra (IceCv)
  7 worker ants
  2 spriggan simulacra (IceCv)
  A wolf simulacrum (IceCv)
  8 sheep (Lair:1)
  2 centaur simulacra (IceCv)
  A hound zombie (D:7)
  4 hound skeletons
  5 mummies (Ossuary)
  9 gnolls
  5 naga simulacra (IceCv)
  3 ogre simulacra (IceCv)
  39 river rats
  9 adders
  3 shadow imps
  12 white imps (IceCv)
  An ooze (D:10)
  2 adder skeletons
  5 worms
  4 dart slugs
  8 giant geckos
  73 orcs
  3 ball pythons
  7 bats
  5 giant cockroaches
  6 goblins
  9 hobgoblins
  12 jackals
  A quokka (D:5)
  2 giant gecko skeletons
  4 giant newts
  A hobgoblin zombie (Ossuary)
  20 kobolds
  14 rats
  A plant (D:10)
533 creatures vanquished.

Vanquished Creatures (others)
  A fungus (Lair:1)
  2 plants
3 creatures vanquished.

Grand Total: 536 creatures vanquished

Notes
Turn   | Place    | Note
--------------------------------------------------------------
     0 | D:1      | Kidiri the Deep Elf Fire Elementalist began the quest for the Orb.
     0 | D:1      | Reached XP level 1. HP: 10/10 MP: 6/6
   241 | D:1      | Reached XP level 2. HP: 16/16 MP: 4/8
   248 | D:1      | Learned a level 2 spell: Throw Flame
   733 | D:2      | Noticed Jessica
   736 | D:2      | Reached XP level 3. HP: 20/20 MP: 6/10
   786 | D:2      | Killed Jessica
   794 | D:2      | Noticed Natasha
   879 | D:2      | Learned a level 3 spell: Conjure Flame
   883 | D:2      | Learned a level 3 spell: Inner Flame
   892 | D:2      | Killed Natasha
   892 | D:2      | Reached skill level 1 in Fighting
   892 | D:2      | Reached skill level 4 in Spellcasting
   892 | D:2      | Reached XP level 4. HP: 25/25 MP: 8/12
  1041 | D:2      | Noticed Terence
  1058 | D:2      | Killed Terence
  1183 | D:2      | Found a shadowy altar of Dithmenos.
  1215 | D:2      | Found an opulent altar of Gozag.
  1764 | D:2      | Noticed Natasha
  1772 | D:2      | Killed Natasha
  1772 | D:2      | Reached XP level 5. HP: 24/29 MP: 3/13
  2020 | D:2      | Noticed Sigmund
  2045 | D:2      | Noticed Natasha
  2072 | D:2      | Killed Natasha
  2302 | D:2      | Learned a level 4 spell: Sticky Flame
  2324 | D:2      | Killed Sigmund
  2324 | D:2      | Reached skill level 5 in Spellcasting
  2324 | D:2      | Reached XP level 6. HP: 33/35 MP: 5/15
  3852 | D:2      | Reached XP level 7. HP: 39/39 MP: 13/17
  3981 | D:4      | Found a shadowy altar of Dithmenos.
  4185 | D:4      | Reached skill level 5 in Stealth
  4185 | D:4      | Reached skill level 6 in Spellcasting
  4308 | D:4      | Noticed Edmund
  4329 | D:4      | Gained mutation: Armour fits poorly on your strangely shaped body. [potion of mutation]
  4329 | D:4      | Gained mutation: You are somewhat resistant to further mutation. [potion of mutation]
  4329 | D:4      | Gained mutation: You have a pair of small horns on your head. [potion of mutation]
  4344 | D:4      | Killed Edmund
  4540 | D:4      | Learned a level 5 spell: Fireball
  4579 | D:4      | Found a staircase to the Ecumenical Temple.
  4592 | Temple   | Entered the Ecumenical Temple
  4824 | Temple   | Became a worshipper of Vehumet
  4888 | D:4      | Reached skill level 1 in Hexes
  5058 | D:5      | Entered Level 5 of the Dungeon
  5060 | D:5      | Noticed Galewind's ghost (novice DECj)
  5337 | D:4      | Gained mutation: You regenerate slowly when monsters are visible. [potion of mutation]
  5337 | D:4      | Gained mutation: You are robust (+10% HP). [potion of mutation]
  5418 | D:4      | Got an encrusted long sword
  5419 | D:4      | Identified the +0 long sword of Compulsion {slice, Int-4 Dex+4} (You found it on level 4 of the Dungeon)
  5475 | D:4      | Reached skill level 7 in Spellcasting
  5480 | D:4      | Reached XP level 8. HP: 41/49 MP: 5/20
  6715 | D:5      | Killed Galewind's ghost
  6715 | D:5      | Reached * piety under Vehumet
  6715 | D:5      | Offered knowledge of Sandblast by Vehumet.
  6715 | D:5      | Reached skill level 5 in Dodging
  6715 | D:5      | Reached skill level 8 in Spellcasting
  6715 | D:5      | Reached skill level 5 in Fire Magic
  6723 | D:5      | Learned a level 1 spell: Sandblast
  7468 | D:5      | Reached skill level 1 in Earth Magic
  7675 | D:6      | Found a sand-covered staircase.
  7682 | Ossuary  | Entered an ossuary
  8258 | D:6      | Reached ** piety under Vehumet
  8258 | D:6      | Reached skill level 5 in Conjurations
  8258 | D:6      | Reached XP level 9. HP: 56/56 MP: 7/23
  8259 | D:6      | Reached skill level 9 in Spellcasting
  8272 | D:6      | Offered knowledge of Shock by Vehumet.
  9074 | D:6      | Learned a level 1 spell: Shock
  9152 | D:7      | Found a basalt altar of Yredelemnul.
  9237 | D:7      | Offered knowledge of Stone Arrow by Vehumet.
  9242 | D:7      | Learned a level 3 spell: Stone Arrow
  9929 | D:7      | Reached skill level 1 in Shields
  9929 | D:7      | Reached skill level 5 in Hexes
 10215 | D:7      | Reached skill level 1 in Air Magic
 10253 | D:7      | Noticed a hill giant
 10268 | D:7      | Killed a hill giant
 10268 | D:7      | Reached skill level 1 in Armour
 10268 | D:7      | Reached XP level 10. HP: 61/61 MP: 15/25
 10699 | D:8      | Got an ominously black robe
 10710 | D:8      | Identified the +0 robe of the Thistle {Int+5} (You found it on level 8 of the Dungeon)
 10727 | D:8      | Found a stormy altar of Qazlal.
 10875 | D:8      | Learned a level 2 spell: Cure Poison
 10879 | D:8      | Learned a level 3 spell: Mephitic Cloud
 11059 | D:8      | Reached skill level 10 in Spellcasting
 11793 | D:9      | Found a staircase to the Orcish Mines.
 12080 | D:9      | Found a bloodstained altar of Trog.
 12083 | D:9      | Found an oddly glowing altar of Pakellas.
 12083 | D:9      | Found a shimmering altar of Xom.
 12095 | D:9      | Found a basalt altar of Yredelemnul.
 12297 | D:9      | Reached *** piety under Vehumet
 12436 | D:10     | Entered Level 10 of the Dungeon
 13247 | D:10     | Offered knowledge of Ignite Poison by Vehumet.
 13265 | D:10     | Noticed an unseen horror
 13271 | D:10     | Killed an unseen horror
 13271 | D:10     | Reached skill level 1 in Poison Magic
 13393 | D:10     | Found a staircase to the Lair.
 13414 | D:10     | Found Fagac's Magic Scroll Emporium.
 13421 | D:10     | Bought a scroll of enchant weapon for 82 gold pieces
 13426 | D:10     | Learned a level 3 spell: Ignite Poison
 13524 | D:10     | Noticed Urug
 13553 | D:10     | Killed Urug
 13553 | D:10     | Reached XP level 11. HP: 31/68 MP: 13/27
 13857 | D:10     | Found a shimmering altar of Xom.
 14297 | Lair:1   | Entered Level 1 of the Lair of Beasts
 14595 | Lair:1   | Reached skill level 1 in Transmutations
 14765 | Lair:1   | Noticed Prince Ribbit
 14774 | Lair:1   | Reached **** piety under Vehumet
 14798 | Lair:1   | Killed Prince Ribbit
 14996 | Lair:1   | Offered knowledge of Bolt of Magma by Vehumet.
 15002 | Lair:1   | Reached skill level 5 in Earth Magic
 15073 | Lair:1   | Reached skill level 11 in Spellcasting
 16724 | Lair:3   | Found a frozen archway.
 16735 | Lair:3   | Reached skill level 5 in Fighting
 16802 | IceCv    | Entered an ice cave
 16815 | IceCv    | Reached ***** piety under Vehumet
 16824 | IceCv    | Offered knowledge of Lee's Rapid Deconstruction by Vehumet.
 17495 | IceCv    | Reached XP level 12. HP: 74/74 MP: 13/29
 17613 | IceCv    | Found an ancient bone altar of Kikubaaqudgha.
 18722 | IceCv    | Identified the Collected Works on Ice and Combat Magic
 19624 | Lair:3   | Noticed a four-headed hydra
 19637 | Lair:3   | Killed a four-headed hydra
 19849 | Lair:3   | Offered knowledge of Poison Arrow by Vehumet.
 20231 | Lair:4   | Noticed Duffy's ghost (journeyman DDGl)
 20558 | Orc:1    | Entered Level 1 of the Orcish Mines
 20832 | Orc:1    | Reached skill level 12 in Spellcasting
 21400 | Orc:2    | Entered Level 2 of the Orcish Mines
 22599 | Orc:2    | Found a roughly hewn altar of Beogh.
 22625 | Orc:2    | Noticed an orc high priest
 22632 | Orc:2    | Reached skill level 10 in Dodging
 22633 | Orc:2    | Killed an orc high priest
 22633 | Orc:2    | Reached skill level 5 in Armour
 22965 | Orc:2    | Reached XP level 13. HP: 33/80 MP: 20/31
 23331 | Orc:2    | Noticed an orc warlord
 23731 | Orc:2    | Learned a level 6 spell: Poison Arrow
 24034 | Orc:2    | Found a staircase to the Elven Halls.
 24091 | Orc:2    | Offered knowledge of Delayed Fireball by Vehumet.
 24282 | Orc:2    | Noticed an ettin
 24307 | Orc:2    | Killed an ettin
 24326 | Orc:2    | HP: 2/81 [orc warrior/trident (16)]
 24328 | Orc:2    | Hit by a tomahawk thrown by an orc warrior

Vault maps used:
D:1:      dpeg_arrival_central, glass_columns_b
D:2:      grunt_gozag_statues, grunt_dithmenos_smoke, uniq_terence,
          uniq_jessica, uniq_natasha, uniq_sigmund
D:3:      grunt_ministairs_2, corner_web_ring
D:4:      lemuel_coloured_pillars_altar, minmay_temple_entry_statues_fountains,
          uniq_edmund
D:5:      first_bread
D:6:      gup_sewer_entry_bubbles, nicolae_ossuary_entry_plus, minmay_ruffians
D:7:      minivault_5, the_bakery, yredelemnul_altar_generic
D:8:      grunt_decor_arrowhead, mrwooster_statue_mirror,
          nicolae_qazlal_style_of_elements
D:9:      grunt_temple_overflow_open, orc_0_dummy, dk_noncrumbling_4
D:10:     dpeg_oklobed_lair, serial_shops, shop, tgw_xom, uniq_urug
Temple:   minmay_temple_curvy_14
Lair:1:   hangedman_lair_generics_rect, serial_bayou_shore_a,
          grunt_megastairs_2, uniq_prince_ribbit2
Lair:3:   portal_ice_cave_entry_ice_beasts
Lair:4:   minmay_shoals_entry_lonely_mermaid
Orc:2:    pubby_orc_utopia, uniq_azrael
Ossuary:  ossuary_the_hunt_dpeg
IceCv:    ice_cave_small_necro

Skill      XL: |  1  2  3  4  5  6  7  8  9 10 11 12 13 |
---------------+----------------------------------------+-----
Stealth        | 3 4 5 |  5.5
Fighting       | 1 2 3 4 5 |  5.8
Dodging        | 3 4 5 6 8 9 10 | 10.4
Spellcasting   | 4 5 7 8 9 10 11 12 | 12.5
Conjurations   | 2 3 5 6 7 |  7.9
Fire Magic     | 4 5 6 7 8 |  8.1
Hexes          | 2 3 5 6 7 8 |  8.2
Earth Magic    | 1 3 4 5 6 |  6.4
Shields        | 1 2 3 4 |  4.0
Air Magic      | 1 2 3 4 |  4.8
Armour         | 1 2 3 5 |  5.4
Poison Magic   | 1 3 4 |  4.4
Transmutations | 2 3 4 |  4.1

Action                   |  1- 3 |  4- 6 |  7- 9 | 10-12 | 13-15 || total
-------------------------+-------+-------+-------+-------+-------++-------
Melee: Unarmed           |     1 |       |       |       |       ||     1
       Dagger            |     1 |     4 |   116 |   109 |    11 ||   241
 Cast: Flame Tongue      |    37 |    67 |   223 |   690 |    71 ||  1088
       Throw Flame       |     7 |    31 |    57 |    94 |    11 ||   200
       Sticky Flame      |       |     2 |    11 |    48 |     8 ||    69
       Conjure Flame     |       |       |     9 |    33 |     4 ||    46
       Inner Flame       |       |       |     5 |    15 |     1 ||    21
       Fireball          |       |       |     1 |    20 |     1 ||    22
       Sandblast         |       |       |    23 |       |       ||    23
       Stone Arrow       |       |       |       |    13 |    13 ||    26
       Mephitic Cloud    |       |       |       |     1 |       ||     1
       Poison Arrow      |       |       |       |       |    19 ||    19
  Use: Scroll            |       |    10 |    11 |    13 |     1 ||    35
       Potion            |       |       |    11 |     8 |     2 ||    21
 Stab: Sleeping          |     1 |     3 |     2 |    10 |       ||    16
  Eat: Chunk             |       |     9 |    20 |     4 |     2 ||    35
       Meat ration       |       |       |     2 |     1 |     1 ||     4
       Fruit             |       |       |     1 |    12 |       ||    13
       Pizza             |       |       |       |     3 |       ||     3
       Beef jerky        |       |       |       |     2 |       ||     2
       Royal jelly       |       |       |       |     1 |       ||     1
       Bread ration      |       |       |       |     1 |     1 ||     2
